 Dungeon Crawl Stone Soup version 0.28-a0-1505-g8c907de6ad (webtiles) character file.

Game seed: 8272371352894027606

7 kae the Insei (level 1, 0/15 HPs)
             Began as a Demonspawn Transmuter on Jan 13, 2022.
             Slain by a gnoll (8 damage)
             ... on level 1 of the Dungeon.
             The game lasted 00:00:16 (667 turns).

kae the Insei (Demonspawn Transmuter)                Turns: 667, Time: 00:00:16

Health: 0/15       AC:  2    Str: 10    XL:     1   Next: 91%
Magic:  2/3        EV: 12    Int: 14    God:
Gold:   19         SH:  0    Dex: 13    Spells: 3/4 levels left

rFire   . . .      SeeInvis .     - Unarmed
rCold   . . .      Faith    .   (no shield)
rNeg    . . .      Spirit   .   a - +0 robe
rPois   .          Reflect  .   (helmet currently unavailable)
rElec   .          Harm     .   (no cloak)
rCorr   .          Rampage  .   (no gloves)
Will    .....                   (boots currently unavailable)
Stlth   +.........              (no amulet)
HPRegen 0.05/turn               (no ring)
MPRegen 0.08/turn               (no ring)

@: appendages
A: horns 2, talons 2
a: End Transformation


You were on level 1 of the Dungeon.
You had temporarily grown beastly horns and talons.
You visited 1 branch of the dungeon, and saw 1 of its levels.

You collected 19 gold pieces.

Inventory:

Armour
 a - a +0 robe (worn)
Jewellery
 d - a +6 ring of strength
Scrolls
 b - a scroll of amnesia {unknown}
Potions
 c - 2 potions of curing {unknown}


   Skills:
 + Level 1.1 Fighting
 + Level 1.8 Dodging
 * Level 2.8 Unarmed Combat
 + Level 2.0 Spellcasting
 * Level 2.0 Transmutations


You had 3 spell levels left.
You knew the following spells:

 Your Spells              Type           Power      Damage    Failure   Level
a - Beastly Appendage     Tmut           14%        N/A       11%         1

Your spell library contained the following spells:

 Spells                   Type           Power      Damage    Failure   Level
 Wereblood                Tmut           7%         N/A       16%         2
 Spider Form              Tmut/Pois      4%         N/A       43%         3
 Ice Form                 Ice/Tmut       4%         N/A       83%         4


Dungeon Overview and Level Annotations

Branches:
Dungeon (1/15)

Altars:


Innate Abilities, Weirdness & Mutations

You have temporarily grown beastly horns and talons.


Message History

Your magical contamination has completely faded away.
A kobold comes into view. It is wielding a +1 dagger of venom.
Found 10 gold pieces.
The kobold shouts!
You hit the kobold.
You kill the kobold!
You see here a +1 dagger of venom.
Found 21 stones.
No target in view!
No target in view!
Found a stone staircase leading down.
No target in view!
No target in view!
You now have 19 gold pieces (gained 10).
Found 18 stones.
A gnoll and a frilled lizard come into view.
You see here 18 stones.
Casting: Beastly Appendage (safe; 11% risk of failure)
Confirm with . or Enter, or press ? or * to list all spells.
You grow a pair of large bovine horns.
Your feet morph into talons.
The gnoll shouts!
There are monsters nearby!
There are monsters nearby!
The frilled lizard hisses angrily.
You hit the gnoll but do no damage. You claw the gnoll, but do no damage.
You headbutt the gnoll.
The gnoll is moderately wounded.
The gnoll hits you with a +0 whip!
You are too injured to fight recklessly!
You are too injured to fight recklessly!
You are too injured to fight recklessly!
You are too injured to fight recklessly!
You are too injured to fight recklessly!
You are too injured to fight recklessly!
You barely miss the gnoll.
The gnoll is moderately wounded.
A quokka comes into view.
The gnoll hits you with a +0 whip!
Ouch! That really hurt!
You die...

.........#.#######
...............#
............##.#
............##.#
r...........##.#
............##.#
.............#.#
.............#.#
......g@.....#.##
................#
.....l......#####.
..........(.......#
.............######
.............#
.............#
..........$..#
######......#


You could see a gnoll, a quokka (wandering) and a frilled lizard.

Vanquished Creatures
  An endoplasm (D:1)
  A ball python (D:1)
  2 bats (D:1)
  A frilled lizard (D:1)
  3 kobolds (D:1)
  A rat (D:1)
9 creatures vanquished.

Notes
Turn   | Place    | Note
-------+----------+-------------------------------------------
     0 | D:1      | kae the Demonspawn Transmuter began the quest for the Orb.
     0 | D:1      | Reached XP level 1. HP: 15/15 MP: 3/3
   667 | D:1      | Slain by a gnoll

Illustrated notes

Levels and vault maps discovered:
D:1:      ebering_trefoil_3fold, layout_basic, wad_floor_pattern_2

Skill      XL: |  1 |
---------------+----+-----
Transmutations | 2 |  2.0
Fighting       | |  1.1
Dodging        | |  1.8
Unarmed Combat | |  2.8
Spellcasting   | |  2.0

Action                   || total
-------------------------++-------
Melee: Unarmed           ||    22
       Kick              ||     3
       Headbutt          ||     2
 Cast: Beastly Appendage ||     6
Armor: Robe              ||    11
Dodge: Dodged            ||    18

Table legend: (Time is in decaauts)
 A = Elapsed time spent in this place.
 B = Non-inter-level travel time spent in this place.
 C = Inter-level travel time spent in this place.
 D = Time resting spent in this place.
 E = Time spent auto-exploring this place.
 F = Levels seen in this place.
 G = Mean time per level.
                   A        B        C        D        E       F      G
               +--------+--------+--------+--------+--------+-----+--------+
         Total |    666 |    666 |      0 |      0 |    588 |   1 |  666.0 |
       Dungeon |    666 |    666 |      0 |      0 |    588 |   1 |  666.0 |
               +--------+--------+--------+--------+--------+-----+--------+

Top non-repeatable levels by time:
     D:1: 666 daAuts
